 Dungeon Crawl Stone Soup version 0.30-a0-847-g17996783a1 (webtiles) character file.

Game seed: 18225062782818363384

926 bobo the Gusty (level 8, -2/58 HPs)
             Began as a Human Air Elementalist on Mar 3, 2023.
             Was an Initiate of Vehumet.
             Slain by Duvessa
             ... wielding a +0 short sword
              (11 damage)
             ... on level 4 of the Dungeon.
             The game lasted 00:20:34 (6419 turns).

bobo the Gusty (Human Air Elementalist)             Turns: 6419, Time: 00:20:34

Health: -2/58      AC:  2    Str:  8    XL:     8   Next: 32%
Magic:  14/14      EV: 12    Int: 18    God:    Vehumet [......]
Gold:   300        SH:  0    Dex: 14    Spells: 5/15 levels left

rFire   . . .      SeeInvis .    f - +0 short sword
rCold   . . .      Faith    .    h - +0 buckler
rNeg    . . .      Spirit   .    a - +0 robe
rPois   .          Reflect  .    (no helmet)
rElec   .          Rampage  .    (no cloak)
rCorr   +                        (no gloves)
Will    .....                    (no boots)
Stlth   +                        v - amulet of regeneration
HPRegen 1.09/turn                s - ring of resist corrosion
MPRegen 0.14/turn                (no ring)

@: confused, swift (expiring), ambrosia-drunk, invisible, very quick
A: no striking features
a: Renounce Religion


You were on level 4 of the Dungeon.
You worshipped Vehumet.
Vehumet was noncommittal.
You visited 1 branch of the dungeon, and saw 5 of its levels.

You collected 300 gold pieces.

Inventory:

Hand Weapons
 f - a +0 short sword (weapon)
Armour
 a - a +0 robe (worn)
 h - a +0 buckler (worn)
Jewellery
 s - a ring of resist corrosion (left hand)
 u - an amulet of faith
 v - an amulet of regeneration (around neck)
Wands
 o - a wand of flame (18)
 r - a wand of mindburst (16)
Scrolls
 c - a scroll of torment
 i - a scroll of fog {unknown}
 j - a scroll of immolation {unknown}
 l - 3 scrolls of fear {unknown}
 n - a scroll of enchant armour {unknown}
 p - a scroll of blinking {unknown}
 q - a scroll of brand weapon {unknown}
 t - a scroll of teleportation {unknown}
 y - a scroll of poison {unknown}
Potions
 b - 2 potions of magic
 d - a potion of invisibility
 e - a potion of lignification
 g - 2 potions of flight
 k - a potion of brilliance
 x - a potion of berserk rage


   Skills:
 + Level 3.5 Fighting
 - Level 2.0 Dodging
 - Level 4.0 Stealth
 + Level 3.8 Shields
 + Level 4.2 Spellcasting
 - Level 2.0 Conjurations
 + Level 5.1 Air Magic


You had 5 spell levels left.
You knew the following spells:

 Your Spells              Type           Power      Damage    Failure   Level
a - Shock                 Conj/Air       64%        1d7       4%          1
q - Airstrike             Air            11%        2d(2-18)  22%         4
r - Swiftness             Air            22%        N/A       7%          3
s - Static Discharge      Conj/Air       32%        2-4/arc   6%          2

Your spell library contained the following spells:

 Spells                   Type           Power      Damage    Failure   Level
 Gell's Gravitas          Tloc           3%         N/A       50%         3
 Teleport Other           Tloc           3%         N/A       50%         3
 Dispersal                Tloc           1%         N/A       100%        6


Dungeon Overview and Level Annotations

Branches:
Dungeon (5/15)
 Temple: D:4-7

Altars:
Trog
Vehumet

Shops:
D:3 :

Annotations:
D:3 2 transporters, DiggyJ's ghost, amateur HOFi
D:4 exclusion: black bear, Duvessa; Pikel
D:5 1 runed translucent door, 2 transporters, Esekla's ghost, weakling OpDe


Message History

Dowan is severely wounded.
Dowan barely misses you.
Casting: Shock (safe; 4% risk of failure)
Confirm with . or Enter, or press ? or * to list all spells.
Aiming: Shock (safe; 4% risk of failure)
Press: ? - help, Shift-Dir - straight line The zap misses Dowan.
The zap hits Dowan.
You kill Dowan!
Vehumet accepts your kill.
You hear a distant scream of rage.
There is a stone staircase leading down here.
Things that are here:
a +0 dagger; a +0 robe; the elf corpse of Dowan Really walk into a travel-excluded area?
Duvessa goes berserk!
Casting: Shock (safe; 4% risk of failure)
Confirm with . or Enter, or press ? or * to list all spells.
You feel quick. Duvessa hits you with a +0 short sword!
You hear a shout!
Duvessa attacks as you move away! Duvessa hits you with a +0 short sword!
Duvessa attacks as you move away! Duvessa hits you with a +0 short sword.
Duvessa attacks as you move away! Duvessa hits you with a +0 short sword.
Duvessa rages.
Duvessa hits you with a +0 short sword!
You fade into invisibility!
Duvessa hits you with a +0 short sword!
* * * LOW HITPOINT WARNING * * *
There is a stone staircase leading down here.
Things that are here:
a +0 dagger; a +0 robe; the elf corpse of Dowan You start to feel a little slower.
You are confused.
You feel invigorated. Duvessa hits you with a +0 short sword.
* * * LOW HITPOINT WARNING * * *
Duvessa hits you with a +0 short sword!
* * * LOW HITPOINT WARNING * * *
You are too confused!
Unknown command.
You closely miss Duvessa. Duvessa hits you with a +0 short sword!
You die...

#.......####### #.............# #
#.............# .#
#######.......# .####
#.......#..### ###### ......#
#.......##..# #..... ........#
#.......###.####.....
......)..#######.#...............
...............e@..####.####.....
.........#######.#.# #...##.....
......... #....#.# ###.##.....
......... ###.####.# #.##..###
.......$.##...# #.## #.##.##
.............## #..### #.#..#
.......##..## ##...# #.#.##
.......##...# ###.###.#.#
e....##.#.# #.#.....##


You could see Duvessa (berserk, unable to see you).

Vanquished Creatures
  Sigmund (D:2)
  A bullfrog (D:5)
  4 scorpions
  Dowan (D:4)
  A hound (D:5)
  A jelly (D:5)
  A gnoll bouda (D:5)
  An iguana (D:5)
  An orc wizard (D:5)
  11 gnolls
  7 adders
  An ufetubus (D:4)
  3 worms
  2 dart slugs
  6 orcs
  3 ball pythons
  7 bats
  10 endoplasms
  3 giant cockroaches
  10 goblins
  4 hobgoblins
  3 jackals (D:2)
  4 kobolds
  4 quokkas
  3 frilled lizards
  8 rats
101 creatures vanquished.

Vanquished Creatures (others)
  An orc wizard (D:5)
1 creature vanquished.

Grand Total: 102 creatures vanquished

Notes
Turn   | Place    | Note
-------+----------+-------------------------------------------
     0 | D:1      | bobo the Human Air Elementalist began the quest for the
                  | Orb.
     0 | D:1      | Reached XP level 1. HP: 13/13 MP: 3/3
    49 | D:1      | Found a faded altar of an unknown god.
   297 | D:1      | Reached XP level 2. HP: 19/19 MP: 5/5
   600 | D:1      | Learned a level 2 spell: Static Discharge
   943 | D:1      | Reached XP level 3. HP: 24/24 MP: 2/6
   947 | D:1      | Learned a level 3 spell: Swiftness
  1609 | D:2      | Reached skill level 1 in Shields
  1609 | D:2      | Reached XP level 4. HP: 24/30 MP: 2/7
  1723 | D:2      | Noticed Sigmund
  2051 | D:2      | Found a bloodstained altar of Trog.
  2176 | D:2      | Reached XP level 5. HP: 36/36 MP: 6/9
  2510 | D:2      | Identified the +1 ring mail "Ylokucydiu" {rF++ rC+ Str-2
                  | SInv}
  2519 | D:2      | Reached skill level 1 in Fighting
  2675 | D:2      | Killed Sigmund
  2676 | D:2      | Reached skill level 4 in Air Magic
  2676 | D:2      | Reached XP level 6. HP: 33/44 MP: 6/10
  3176 | D:3      | Found a transporter.
  3178 | D:3      | Noticed DiggyJ's ghost (amateur HOFi)
  3179 | D:3      | Found a transporter.
  3179 | D:3      | Noticed an ogre
  3182 | D:3      | Noticed an ogre
  3465 | D:3      | Found Jashros's Vocational Training.
  3479 | D:3      | Learned a level 4 spell: Airstrike
  4455 | D:4      | Reached XP level 7. HP: 45/50 MP: 6/12
  4567 | D:4      | Noticed Dowan
  4653 | D:4      | Noticed Pikel
  4948 | D:4      | Noticed Duvessa
  5050 | D:5      | Entered Level 5 of the Dungeon
  5056 | D:5      | Found a radiant altar of Vehumet.
  5060 | D:5      | Became a worshipper of Vehumet
  5206 | D:5      | Found a runed translucent door.
  5777 | D:5      | Reached XP level 8. HP: 57/58 MP: 6/13
  6066 | D:5      | Reached skill level 5 in Air Magic
  6128 | D:5      | Found a transporter.
  6140 | D:5      | Found a transporter.
  6144 | D:5      | Noticed Esekla's ghost (weakling OpDe)
  6401 | D:4      | Killed Dowan
  6419 | D:4      | Slain by Duvessa

Illustrated notes

Levels and vault maps discovered:
D:1:      saegor_arrival_under_anarchy, layout_basic,
          shapermc_ecumenical_altar_mp_highgroup
D:2:      layout_loops_ring, basic_altar, minmay_misc_feat_five,
          kennysheep_small_spiral, minmay_surrounded, uniq_sigmund
D:3:      minmay_door_path, layout_basic, gammafunk_ghost_smash,
          nicolae_shop_vocational
D:4:      layout_rooms, uniq_duvessa, uniq_pikel
D:5:      layout_loops_ring, overflow_temple_1_default,
          gammafunk_ghost_stat_death, minmay_misc_feat_columns,
          lightli_church_of_beogh

Skill      XL: |  1  2  3  4  5  6  7  8 |
---------------+-------------------------+-----
Shields        | 1 2 3 |  3.8
Conjurations   | 2 |  2.0
Fighting       | 1 2 3 |  3.5
Stealth        | 3 4 |  4.0
Spellcasting   | 3 4 |  4.2
Air Magic      | 4 5 |  5.1
Dodging        | |  2.0

Action                     |  1- 3 |  4- 6 |  7- 9 || total
---------------------------+-------+-------+-------++-------
  Melee: Unarmed           |    12 |       |       ||    12
         Short sword       |    18 |    18 |    18 ||    54
   Cast: Shock             |    51 |    87 |    96 ||   234
         Static Discharge  |       |     1 |    10 ||    11
         Swiftness         |       |       |     1 ||     1
    Use: Potion            |       |     2 |     3 ||     5
         Scroll            |       |     3 |     3 ||     6
   Stab: Sleeping          |     1 |       |       ||     1
 Armour: Robe              |     5 |     4 |     4 ||    13
         Skin              |       |       |    19 ||    19
  Dodge: Dodged            |    24 |    25 |    11 ||    60
  Block: Buckler           |     6 |    10 |     5 ||    21

Table legend: (Time is in decaauts)
 A = Elapsed time spent in this place.
 B = Non-inter-level travel time spent in this place.
 C = Inter-level travel time spent in this place.
 D = Time resting spent in this place.
 E = Time spent auto-exploring this place.
 F = Levels seen in this place.
 G = Mean time per level.
                   A        B        C        D        E       F      G
               +--------+--------+--------+--------+--------+-----+--------+
         Total |   6424 |   6234 |    190 |    441 |   4898 |   5 | 1284.8 |
       Dungeon |   6424 |   6234 |    190 |    441 |   4898 |   5 | 1284.8 |
               +--------+--------+--------+--------+--------+-----+--------+

Top non-repeatable levels by time:
     D:1: 1561 daAuts
     D:3: 1351 daAuts
     D:2: 1350 daAuts
     D:5: 1324 daAuts
     D:4: 837 daAuts
